 Dungeon Crawl Stone Soup version 0.31.0-7-gf635a9b802 (webtiles) character file.

Game seed: 1644420463870833568

55842 sadbutuwu the Carver (level 14, 0/115 HPs)
             Began as a Demonspawn Berserker on Jan 23, 2024.
             Was a High Priest of Trog.
             Killed from afar by a rime drake (13 damage)
             ... with an icy flash freeze
             ... on level 5 of the Lair of Beasts.
             The game lasted 01:24:40 (12305 turns).

sadbutuwu the Carver (Demonspawn Berserker)        Turns: 12305, Time: 01:24:42

Health: 0/115      AC: 15    Str: 22    XL:     14   Next: 39%
Magic:  14/14      EV: 24    Int:  7    God:    Trog [*****.]
Gold:   1152       SH:  0    Dex: 18    Spells: 13/13 levels left

rFire   . . .        a - +2 falchion (spect)
rCold   + . .        (no shield)
rNeg    . . .        l - +1 troll leather armour {Pargi}
rPois   +            (helmet restricted)
rElec   +            F - scarf of the Gusle {shadows, rPois}
rCorr   +            u - +2 pair of gloves
SInv    .            E - +2 pair of boots "Zelux" {Fly rElec rCorr Str-2}
Will    ++...        y - amulet of the acrobat
Stlth   ++++         p - +5 ring of evasion
HPRegen 1.19/turn    x - +6 ring of strength
MPRegen 0.14/turn

%: acrobat
@: about to teleport, on berserk cooldown, flying, slowed, very slow
A: horns 2, icy blue scales 3, demonic guardian 1, demonic magic 1, demonic
willpower
a: Renounce Religion, Berserk, Trog's Hand, Brothers in Arms


You were on level 5 of the Lair of Beasts.
You worshipped Trog.
Trog was extremely pleased with you.
You visited 2 branches of the dungeon, and saw 14 of its levels.
You also visited: Bailey and Ice Cave.

You collected 1152 gold pieces.

Inventory:

Hand Weapons
 a - a +2 spectral falchion (weapon)
Armour
 b - a +1 animal skin
 l - a +1 troll leather armour (worn) {Pargi}
 u - a +2 pair of gloves (worn)
 E - the +2 pair of boots "Zelux" (worn) {Fly rElec rCorr Str-2}
   (You found it on level 3 of the Lair of Beasts)

   Str-2:     It affects your strength (-2).
   rElec:     It insulates you from electricity.
   Fly:       It grants you flight.
   rCorr:     It protects you from acid and corrosion.
 F - the scarf of the Gusle (worn) {shadows, rPois}
   (You acquired it on level 4 of the Lair of Beasts)

   rPois:     It protects you from poison
Jewellery
 m - a ring of resist corrosion
 p - a +5 ring of evasion (left hand)
 x - a +6 ring of strength (right hand)
 y - an amulet of the acrobat (around neck)
 B - a ring of ice
 G - the ring "Duirgh" {Str+3 Int+6}
   (You found it on level 5 of the Lair of Beasts)

   [ring of intelligence]

   Str+3:     It affects your strength (+3).
   Int+6:     It affects your intelligence (+6).
Wands
 g - a wand of quicksilver (3)
 C - a wand of polymorph (4)
 D - a wand of paralysis (8)
Scrolls
 f - 10 scrolls of identify
 k - a scroll of fear
 r - a scroll of vulnerability
 t - a scroll of amnesia
 v - 2 scrolls of poison
Potions
 c - a potion of attraction
 d - 6 potions of curing
 e - 3 potions of degeneration
 h - 2 potions of enlightenment
 j - 4 potions of lignification
 n - 2 potions of mutation
 o - 2 potions of cancellation
 q - 3 potions of magic
 s - 2 potions of resistance
 z - 2 potions of brilliance
 A - 2 potions of berserk rage
Miscellaneous
 H - a phantom mirror


   Skills:
 + Level 12.0 Fighting
 + Level 14.3 Long Blades
 + Level 7.1 Armour
 + Level 11.4 Dodging
 + Level 10.1 Stealth
 + Level 1.4 Evocations


You had 13 spell levels left.
You didn't know any spells.
Your spell library was empty.

Dungeon Overview and Level Annotations

Branches:
Dungeon (9/15)             Temple (0/1) D:6            Lair (5/5) D:9
 Shoals (0/4) Lair:3       Spider (0/4) Lair:3       Bailey (visited)
  IceCv (visited)
  Slime: Lair:4-5       Orc: D:9-12

Altars:
Dithmenos
Fedhas
Gozag
Okawaru
Wu Jian

Shops:
D:1 ?   D:7 [[=*   D:9 !

Annotations:
Lair:5 1 transporter


Innate Abilities, Weirdness & Mutations

You have a pair of horns on your head.
You are completely covered in icy blue scales. (AC +4, rC+)
A weak demonic guardian rushes to your aid.
Spells you cast may paralyse adjacent enemies.
You punish those that try to bend your will. (Will+)


Message History

Your +2 spectral falchion hits the blink frog.
The rime drake breathes ice at you. The icy flash freeze hits you!
You partially resist.
You are encased in ice.
The blink frog completely misses you. The water moccasin misses you.
The swamp worm bites your +2 spectral falchion!!
Your spectral weapon shares its damage with you!
Your +2 spectral falchion disappears.
The rime drake completely misses you.
You miss the blink frog.
You headbutt the blink frog, but do no damage.
The blink frog is moderately wounded.
Your +2 spectral falchion hits the blink frog.
The blink frog misses you.
The water moccasin completely misses you.
The swamp worm fires a harpoon shot at you.
The harpoon shot hits you!
* * * LOW HITPOINT WARNING * * *
You are yanked forward by the harpoon shot.
The blink frog misses you.
Your +2 spectral falchion disappears.
The blink frog completely misses you. The rime drake completely misses you.
The blink frog completely misses you. The swamp worm completely misses you.
The rime drake completely misses you.
As you read the scroll of fog, it dissolves into smoke.
The ice encasing you melts away. The blink frog misses you.
The water moccasin misses you. The swamp worm completely misses you.
The rime drake closely misses you. The blink frog completely misses you.
The water moccasin misses you. The swamp worm misses you.
The rime drake completely misses you. The blink frog hits you!
* * * LOW HITPOINT WARNING * * *
As you read the scroll of teleportation, it crumbles to dust.
You feel strangely unstable. The water moccasin misses you.
The swamp worm bites you!
* * * LOW HITPOINT WARNING * * *
A demonic guardian appears!
The blink frog barely misses you. The rime drake breathes ice at you.
The icy flash freeze hits you! You partially resist.
You die...

#...........#
#..........##.
#..........#.:
#.........©#i.
##.........#i.
###.........###
........§§§§.#
.....!†.†§§§.##
........4F@§..###
.......††kwS§...#
........†§§§.....
.#...............
##...........#P.
#............# #
#.............#
.............#
.............


You could see a swamp worm, a blink frog, a rime drake (catching breath, ally
target), a water moccasin and a friendly rust devil (summoned).

Vanquished Creatures
  Gastronok (Lair:2)
  An orc warlord (Bailey)
  A minotaur (Lair:2)
  A hydra (Lair:2)
  A boulder beetle (Lair:5)
  A two-headed ogre (D:8)
  8 death yaks
  A skyshark (Lair:2)
  The ghost of zenocrate the Covert, a novice VSEn of Gozag (Lair:2)
  An orc knight (Bailey)
  5 black mambas
  A merfolk siren (Lair:3)
  22 elephants
  A torpor snail (Lair:2)
  6 cane toads
  4 rime drakes
  5 komodo dragons
  A freezing wraith (IceCv)
  An anaconda simulacrum (IceCv)
  6 ice devils (IceCv)
  7 polar bears
  Prince Ribbit (D:5)
  A slime creature (Lair:4)
  5 hornets (Lair:5)
  14 dream sheep
  12 blink frogs
  A jumping spider (Lair:3)
  12 spriggans (Lair:5)
  A basilisk (Lair:2)
  2 humans (D:9)
  5 wyverns
  A dire elephant simulacrum (IceCv)
  A steam dragon (D:9)
  25 yaks
  A redback (Lair:3)
  2 death yak simulacra (IceCv)
  A hydra simulacrum (IceCv)
  20 water moccasins
  5 orc warriors
  Pargi (D:4)
  6 black bears
  A sky beast (D:7)
  An ice beast (D:8)
  2 ogres
  4 boggarts (Lair:5)
  31 wolves
  3 centaurs
  8 bullfrogs
  A gnoll sergeant (D:9)
  2 two-headed ogre simulacra (IceCv)
  A cane toad simulacrum (IceCv)
  5 killer bees (D:9)
  2 electric eels (Lair:3)
  3 howler monkeys
  12 jellies
  A bombardier beetle (D:3)
  A gnoll bouda (D:9)
  A hound (D:7)
  2 sleepcaps (D:8)
  3 iguanas
  4 orc wizards
  6 hell rats (Lair:1)
  2 troll simulacra (IceCv)
  A polar bear simulacrum (IceCv)
  A spriggan simulacrum (IceCv)
  12 gnolls
  5 adders
  5 naga simulacra (IceCv)
  A shadow imp (D:7)
  2 white imps
  5 ufetubi
  14 orcs
  15 endoplasms
  4 giant cockroaches
  21 goblins
  11 hobgoblins
  3 jackals (D:1)
  13 kobolds
  2 quokkas
  5 ball pythons
  8 bats
  3 frilled lizards
  4 rats
424 creatures vanquished.

Vanquished Creatures (collateral kills)
  A reaper (IceCv)
  A hydra (Lair:3)
  An elephant (Lair:3)
  A black mamba (Lair:1)
  A cane toad (Lair:1)
  A rime drake (Lair:2)
  A yak (Lair:2)
  A two-headed ogre simulacrum (IceCv)
  A bullfrog (Lair:3)
  A troll simulacrum (IceCv)
  A wolf simulacrum (IceCv)
  A naga simulacrum (IceCv)
12 creatures vanquished.

Vanquished Creatures (others)
  An orc priest (D:9)
  An orc (D:9)
  9 spectral weapons
11 creatures vanquished.

Grand Total: 447 creatures vanquished

Notes
Turn   | Place    | Note
-------+----------+-------------------------------------------
     0 | D:1      | sadbutuwu the Demonspawn Berserker began the quest for the
                  | Orb.
     0 | D:1      | Reached XP level 1. HP: 18/18 MP: 1/1
     7 | D:1      | Found Dyhemn's Magic Scroll Shoppe.
   204 | D:1      | Reached skill level 3 in Long Blades
   242 | D:1      | Gained mutation: You are partially covered in icy blue
                  | scales. (AC +2) [demonic ancestry]
   242 | D:1      | Reached XP level 2. HP: 16/24 MP: 2/2
   889 | D:2      | Reached ** piety under Trog
   892 | D:2      | Gained mutation: You are mostly covered in icy blue scales.
                  | (AC +3) [demonic ancestry]
   892 | D:2      | Reached XP level 3. HP: 29/29 MP: 3/3
  1615 | D:3      | Reached XP level 4. HP: 35/35 MP: 4/4
  2157 | D:4      | Noticed Pargi
  2172 | D:4      | Killed Pargi
  2173 | D:4      | Reached skill level 4 in Long Blades
  2173 | D:4      | Reached skill level 1 in Stealth
  2173 | D:4      | Gained mutation: You are completely covered in icy blue
                  | scales. (AC +4, rC+) [demonic ancestry]
  2173 | D:4      | Reached XP level 5. HP: 32/42 MP: 5/5
  2429 | D:4      | Noticed an ogre
  2438 | D:4      | Killed an ogre
  2439 | D:4      | Gained mutation: Spells you cast may paralyse adjacent
                  | enemies. [demonic ancestry]
  2439 | D:4      | Reached XP level 6. HP: 29/48 MP: 6/6
  2688 | D:4      | Reached skill level 5 in Long Blades
  2723 | D:5      | Entered Level 5 of the Dungeon
  2750 | D:5      | Noticed a water moccasin
  2757 | D:5      | Killed a water moccasin
  2758 | D:5      | Gained mutation: You have a pair of small horns on your
                  | head. [demonic ancestry]
  2758 | D:5      | Reached XP level 7. HP: 52/54 MP: 7/7
  2793 | D:5      | Noticed Prince Ribbit
  2813 | D:5      | Killed Prince Ribbit
  3231 | D:6      | Found a staircase to the Ecumenical Temple.
  3340 | D:6      | Found a shadowy altar of Dithmenos.
  3670 | D:6      | Reached skill level 6 in Long Blades
  3785 | D:7      | Found Oserar's Armour Shoppe.
  3791 | D:7      | Gained mutation: A weak demonic guardian rushes to your
                  | aid. [demonic ancestry]
  3791 | D:7      | Reached XP level 8. HP: 61/61 MP: 8/8
  3865 | D:7      | Reached *** piety under Trog
  3916 | D:7      | You fall into a shaft and drop 2 floors!
  3926 | D:9      | Found a staircase to the Lair.
  4144 | D:8      | Found a blossoming altar of Fedhas.
  4156 | D:8      | Found a flagged portal.
  4166 | Bailey   | Entered a bailey
  4171 | Bailey   | Noticed an orc warlord
  4224 | Bailey   | Noticed an orc knight
  4235 | Bailey   | Killed an orc knight
  4236 | Bailey   | Reached skill level 5 in Fighting
  4236 | Bailey   | Reached skill level 7 in Long Blades
  4260 | Bailey   | Reached skill level 5 in Stealth
  4282 | Bailey   | Found a runed translucent gate.
  4284 | Bailey   | Found a runed translucent gate.
  4285 | Bailey   | Found a runed translucent gate.
  4303 | Bailey   | Reached XP level 9. HP: 27/68 MP: 9/9
  4463 | Bailey   | HP: 1/102 [orc warlord/+5 battleaxe (6)]
  4465 | Bailey   | Killed an orc warlord
  4466 | Bailey   | Reached skill level 8 in Long Blades
  4466 | Bailey   | Reached skill level 5 in Dodging
  4541 | Bailey   | Reached skill level 9 in Long Blades
  4541 | Bailey   | Reached skill level 5 in Armour
  4541 | Bailey   | Reached XP level 10. HP: 80/80 MP: 10/10
  4663 | D:7      | Found Anlyl's Jewellery Shoppe.
  4685 | D:7      | Found Wouverorr's Antique Armour Emporium.
  4700 | D:7      | Found Gioton's Assorted Antiques.
  5087 | D:8      | Noticed a two-headed ogre
  5104 | D:8      | Killed a two-headed ogre
  5105 | D:8      | Reached skill level 10 in Long Blades
  5606 | D:9      | Found an iron altar of Okawaru.
  5677 | D:9      | Found an opulent altar of Gozag.
  5726 | D:9      | Found an ornate altar of the Wu Jian Council.
  5842 | D:9      | Gained mutation: You punish those that try to bend your
                  | will. (Will+) [demonic ancestry]
  5842 | D:9      | Reached XP level 11. HP: 86/86 MP: 11/11
  5863 | D:9      | Reached **** piety under Trog
  6010 | D:9      | Found Kuwuip's Distillery.
  6238 | Lair:1   | Entered Level 1 of the Lair of Beasts
  6721 | Lair:1   | Found a frozen archway.
  6742 | Lair:1   | Reached skill level 11 in Long Blades
  6796 | IceCv    | Entered an ice cave
  6987 | IceCv    | Reached ***** piety under Trog
  6994 | IceCv    | Noticed a reaper
  7068 | IceCv    | Killed a reaper
  7192 | IceCv    | Reached XP level 12. HP: 35/96 MP: 12/12
  7304 | IceCv    | Reached skill level 1 in Evocations
  7910 | Lair:2   | Noticed a death yak
  7910 | Lair:2   | Noticed a death yak
  7915 | Lair:2   | Reached skill level 12 in Long Blades
  7921 | Lair:2   | Killed a death yak
  7926 | Lair:2   | Killed a death yak
  7927 | Lair:2   | Reached skill level 10 in Fighting
  8348 | Lair:2   | Noticed a four-headed hydra
  8360 | Lair:2   | HP: 2/145 [15-headed hydra (7)]
  8361 | Lair:2   | Killed a 15-headed hydra
  8537 | Lair:2   | Noticed Gastronok
  8558 | Lair:2   | Killed Gastronok
  8601 | Lair:2   | Noticed zenocrate's ghost (novice VSEn)
  8601 | Lair:2   | Noticed a minotaur
  8642 | Lair:2   | Found a runed translucent gate.
  8642 | Lair:2   | Found a runed translucent gate.
  8642 | Lair:2   | Found a runed translucent gate.
  8878 | Lair:2   | Killed zenocrate's ghost
  8881 | Lair:2   | Reached XP level 13. HP: 104/104 MP: 13/13
  8885 | Lair:2   | Killed a minotaur
  9167 | Lair:3   | Reached skill level 13 in Long Blades
  9220 | Lair:3   | Reached skill level 10 in Dodging
  9365 | Lair:3   | Found a staircase to the Shoals.
  9845 | Lair:3   | Found a hole to the Spider Nest.
  9937 | Lair:3   | Identified the +2 pair of boots "Zelux" {Fly rElec rCorr
                  | Str-2}
 10943 | Lair:4   | Identified a scroll of acquirement
 10944 | Lair:4   | Acquired the scarf of the Gusle {shadows, rPois}
 11343 | Lair:5   | Entered Level 5 of the Lair of Beasts
 11699 | Lair:5   | Gained mutation: You have a pair of horns on your head.
                  | [demonic ancestry]
 11699 | Lair:5   | Reached XP level 14. HP: 113/113 MP: 14/14
 11814 | Lair:5   | Reached skill level 14 in Long Blades
 11823 | Lair:5   | Reached skill level 10 in Stealth
 12097 | Lair:5   | Identified the ring "Duirgh" {Str+3 Int+6}
 12209 | Lair:5   | Received a gift from Trog
 12240 | Lair:5   | Found a transporter.
 12305 | Lair:5   | Killed from afar by a rime drake

Illustrated notes

Levels and vault maps discovered:
D:1:      mrwooster_arrival_statue_2, layout_basic, serial_shops, shop_statue
D:2:      layout_loops_cross, serial_forest, infiniplex_forest_straight_2,
          infiniplex_forest_clump_long, infiniplex_forest_straight_3,
          infiniplex_forest_lined_3, infiniplex_forest_clump_small,
          infiniplex_forest_zigzag_2, infiniplex_forest_zigzag_2
D:3:      kennysheep_the_goblin_king, layout_basic
D:4:      layout_basic, uniq_pargi
D:5:      layout_rooms, uniq_prince_ribbit1
D:6:      layout_gridville, grunt_dithmenos_smoke_and_mirrors,
          minmay_temple_entry_poolview, serial_rivers,
          chequers_serial_rivers_small_3, chequers_serial_rivers_micro_e,
          chequers_serial_rivers_room_b, chequers_serial_rivers_micro_d,
          chequers_serial_rivers_micro_a
D:7:      layout_rooms, serial_shops, nicolae_shop_trees,
          nicolae_shop_tiny_real_fake_doors, shop, shop,
          kennysheep_opposing_triangles
D:8:      layout_loops_ring, fedhas_altar_1, enter_bailey_3,
          hangedman_abyss_or_decor_stabs
D:9:      layout_basic, okawaru_humans, mainiacjoe_overflow_catch_the_wave,
          lair_entry_dummy, serial_shops, nicolae_shop_tiny_statue_garden,
          kennysheep_cross_room
Lair:1:   layout_cave_pods, portal_ice_cave_entry_pillars_1
Lair:2:   layout_cave_pods, maelrawn_ghost_gauntlet_escape, uniq_gastronok
Lair:3:   layout_cave_pods, minmay_shoals_entry_lonely_mermaid,
          spider_nest_entry_rubble, lemuel_fruit_tree, serial_bayou_shore_a,
          serial_bayou_shore_b
Lair:4:   lemuel_slime, layout_cave_pods
Lair:5:   minmay_lair_end_enchanted_forest, layout_cellular_growth,
          minmay_slime_entry_oklob_enclosed, gammafunk_ghost_wrathful_warriors,
          worms_lemuel

Skill      XL: |  1  2  3  4  5  6  7  8  9 10 11 12 13 14 |
---------------+-------------------------------------------+-----
Long Blades    | 3 4 5 6 7 9 10 11 12 13 14 | 14.3
Armour         | 2 3 5 6 7 |  7.1
Dodging        | 2 3 4 7 8 9 10 11 | 11.4
Stealth        | 1 2 3 5 6 7 8 9 10 | 10.1
Fighting       | 4 5 7 8 9 10 11 12 | 12.0
Evocations     | 1 |  1.4

Action                     |  1- 3 |  4- 6 |  7- 9 | 10-12 | 13-15 || total
---------------------------+-------+-------+-------+-------+-------++-------
  Melee: Falchion          |   144 |   102 |   121 |   602 |   775 ||  1744
         Punch             |     2 |     1 |     1 |    10 |    14 ||    28
         Headbutt          |       |       |    28 |   159 |   227 ||   414
 Invoke: Berserk           |     1 |     4 |     3 |    13 |    10 ||    31
         Brothers in Arms  |       |       |       |     3 |     1 ||     4
         Trog's Hand       |       |       |       |     1 |     2 ||     3
  Evoke: Wand              |       |       |       |     6 |     4 ||    10
    Use: Scroll            |     8 |     3 |     6 |     3 |     9 ||    29
         Potion            |       |       |    13 |     3 |     6 ||    22
   Stab: Sleeping          |     2 |     6 |     5 |    12 |    11 ||    36
         Distracted        |       |     1 |     1 |     8 |     8 ||    18
         Invisible         |       |       |     3 |       |       ||     3
 Armour: Animal skin       |    95 |    57 |       |       |       ||   152
         Troll leather arm |       |    14 |    47 |   309 |   363 ||   733
  Dodge: Dodged            |   123 |    87 |   117 |   557 |  1010 ||  1894
